Map: Overgrowth LE (Void)

Players

Musumeci - Winner!

  • Race: Zerg Zerg
  • League: Diamond
  • Spawn Location: 1:00

VeniVidiVici

  • Race: Zerg Zerg
  • League: Diamond
  • Spawn Location: 7:00

VOD

Have the link to the VOD?

Description

Time

  • Played on: Jan. 11, 2017, 1:10 p.m.
  • Length: 6:17
Show
View Real Time Build Order
Export as new Build Order

Musumeci Zerg - Winner!

Build Orders: Hatch First, Zergling Baneling 

Get SALT Encoding   

  12  0:01  Drone  
  13  0:08  Drone  
  14  0:24  Overlord  
  14  0:35  Drone, Extractor  
  14  0:42  Drone x2  
  17  0:56  Hatchery  
  16  1:12  Spawning Pool  
  16  1:16  Extractor  
  14  1:19  Evolution Chamber  
  14  1:22  Drone  
  14  1:27  Drone  
  14  1:30  Drone  
  16  1:34  Drone  
  17  1:46  Drone  
  18  1:55  Drone  
  18  1:59  Queen  
  21  2:10  Queen  
  21  2:12  Drone  
  21  2:14  Zergling x2  
  25  2:18  Zergling x2  
  26  2:23  Metabolic Boost  
  26  2:33  Zergling x2  
  26  2:34  Zergling x2  
  28  2:44  Overlord  
  28  2:49  Zergling x2, Spore Crawler  
  29  3:09  Zergling x2  
  29  3:10  Zergling x12  
  29  3:11  Baneling Nest  
  35  3:14  Overlord  
  35  3:28  Drone  
  35  3:33  Drone x2  
  38  3:37  Zergling x2  
  38  3:38  Zergling x4  
  38  4:11  Zergling x10  
  38  4:16  Baneling x2  
  43  4:21  Overlord x2  
  34  4:39  Zergling x20  
  34  4:41  Baneling x3  
  43  4:47  Baneling  
  43  4:48  Zergling x2  
  43  4:49  Zergling x2  
  42  4:53  Baneling x4  
  42  4:54  Zergling x2  
  42  4:56  Zergling x4  
  45  5:10  Zergling x2  
  45  5:11  Zergling x8  
  47  5:34  Baneling x3  
  46  5:53  Baneling x3  
  45  5:58  Baneling x2  
  45  5:59  Baneling x2  
  45  6:00  Zergling x4  
Show
View Real Time Build Order
Export as new Build Order

VeniVidiVici Zerg 

Build Orders: Hatch First 

Get SALT Encoding   

  12  0:00  Drone  
  13  0:13  Overlord  
  13  0:18  Drone  
  14  0:24  Extractor  
  14  0:25  Drone  
  15  0:32  Drone  
  15  0:35  Drone  
  17  0:55  Hatchery  
  17  0:57  Drone  
  17  1:00  Drone  
  18  1:13  Extractor  
  18  1:15  Spawning Pool  
  16  1:18  Drone  
  16  1:23  Drone  
  18  1:32  Drone  
  19  1:42  Overlord  
  19  2:02  Queen  
  19  2:03  Zergling x4  
  23  2:11  Queen  
  23  2:12  Zergling x2  
  26  2:16  Zergling x2  
  27  2:35  Drone x2  
  27  2:36  Drone x2  
  31  2:45  Queen  
  33  2:59  Drone x3  
  33  3:00  Baneling Nest, Overlord  
  33  3:04  Metabolic Boost  
  35  3:15  Drone  
  36  3:22  Drone x3  
  36  3:23  Drone  
  40  3:32  Overlord  
  40  3:34  Overlord  
  40  3:37  Drone, Extractor  
  40  3:42  Drone x3  
  43  3:54  Zergling x4  
  41  4:03  Zergling x6  
  41  4:04  Zergling x6  
  45  4:13  Baneling  
  45  4:14  Baneling  
  41  4:19  Spine Crawler, Zergling x4  
  38  4:48  Zergling x10  
  38  4:49  Zergling x2  
  43  4:56  Baneling Nest  
  44  5:20  Zergling x4  
  44  5:21  Zergling x4  
  44  5:45  Zergling x4  
  44  5:46  Zergling x4  
  44  5:48  Baneling x4  
Tags
 
Add a new tag
Caveats
  • Supply blocks, unpowered buildings, or Contaminate may cause inaccurate times.
  • Supply counts are checked every 10 seconds.